 Dungeon Crawl Stone Soup version 0.28-a0-1518-gbe868bca14 (webtiles) character file.

Game seed: 6955107516286541219

94 sanka the Insei (level 4, 41/41 HPs)
             Began as a Gnoll Monk on Jan 16, 2022.
             Was a Believer of Makhleb.
             Quit the game on level 2 of the Dungeon.
             The game lasted 00:01:39 (1688 turns).

sanka the Insei (Gnoll Monk)                        Turns: 1688, Time: 00:01:39

Health: 41/41      AC:  2    Str: 10    XL:     4   Next: 63%
Magic:  5/5        EV: 15    Int: 11    God:    Makhleb [**....]
Gold:   63         SH:  0    Dex: 15    Spells: 5/5 levels left

rFire   . . .      SeeInvis .     - Unarmed
rCold   . . .      Faith    .   (no shield)
rNeg    . . .      Spirit   .   a - +0 robe
rPois   .          Reflect  .   (no helmet)
rElec   .          Harm     .   (no cloak)
rCorr   .          Rampage  .   (no gloves)
Will    .....                   (no boots)
Stlth   +++.......              (no amulet)
HPRegen 0.13/turn               (no ring)
MPRegen 0.09/turn               (no ring)

@: no status effects
A: fangs 1, strong nose, distributed training
a: Renounce Religion, Minor Destruction


You were on level 2 of the Dungeon.
You worshipped Makhleb.
Makhleb was pleased with you.
You visited 1 branch of the dungeon, and saw 2 of its levels.

You collected 63 gold pieces.


Innate Abilities, Weirdness & Mutations

You have very sharp teeth.
Your uncanny sense of smell can sniff out nearby items.
Your experience applies equally to all skills.


   Skills:
 + Level 6.6 Fighting
 + Level 1.2 Short Blades
 + Level 1.2 Long Blades
 + Level 1.2 Axes
 + Level 1.2 Maces & Flails
 + Level 1.2 Polearms
 + Level 1.2 Staves
 + Level 1.2 Slings
 + Level 1.2 Bows
 + Level 1.2 Crossbows
 + Level 1.2 Throwing
 + Level 1.2 Armour
 + Level 6.6 Dodging
 + Level 4.3 Stealth
 + Level 1.2 Shields
 + Level 6.6 Unarmed Combat
 + Level 1.2 Spellcasting
 + Level 1.0 Conjurations
 + Level 1.0 Hexes
 + Level 1.0 Summonings
 + Level 1.0 Necromancy
 + Level 1.0 Translocations
 + Level 1.0 Transmutations
 + Level 1.0 Fire Magic
 + Level 1.0 Ice Magic
 + Level 1.0 Air Magic
 + Level 1.0 Earth Magic
 + Level 1.0 Poison Magic
 + Level 1.3 Invocations
 + Level 1.2 Evocations


You had 5 spell levels left.
You didn't know any spells.
Your spell library was empty.

Inventory:

Armour
 a - a +0 robe (worn)
Scrolls
 f - a scroll of immolation {unknown}
 g - a scroll of blinking {unknown}
 h - a scroll of fog {unknown}
Potions
 b - a potion of might {unknown}
 c - a potion of brilliance {unknown}
 d - 2 potions of lignification {unknown}
 e - 3 potions of curing {unknown}

Dungeon Overview and Level Annotations

Branches:
Dungeon (2/15)

Altars:
Makhleb

▒......▒▒▒▒▒▒▒▒▒▒ ▒.▒▒▒.▒.▒
▒...▒▒.▒▒.......▒ ▒...)...▒
▒.▒.............▒ ▒▒▒▒▒..▒▒
.▒▒▒.▒.▒▒.......▒▒▒▒ ▒...▒
..▒..▒..........▒▒P▒▒ ▒▒▒.▒
...▒.▒..▒.......▒f..▒▒▒▒..▒
▒.......▒......▒▒...P▒P.P.▒
...............▒♣.≈f.▒▒.▒▒▒
▒..▒▒▒▒▒▒▒▒†...▒g.≈≈..▒.▒
▒..▒▒▒▒▒▒.▒†...▒♣[Pf.▒.P▒
...............▒▒...f▒f▒▒
▒▒▒▒▒▒▒▒▒.▒.....▒P..▒▒▒▒
▒▒▒.....▒▒P▒▒ ▒.▒▒▒▒.▒▒▒
▒......▒ ▒▒▒▒▒▒▒▒


There were no monsters in sight!


Message History

You punch the worm!
The worm is severely wounded.
You hit the worm.
You kill the worm!
No target in view!
No target in view!
You start resting.
HP restored.
Found a stone staircase leading down.
h - a scroll labelled CUZOTO UGOPT A goblin comes into view.
It is wielding a +0 club.
A goblin is nearby!
There is a stone staircase leading down here.
The helpless goblin fails to defend itself.
You hit the goblin.
You kill the goblin!
No target in view!
Found a faded altar of an unknown god.
Found a robe.
Things that are here:
a +0 robe; a human skeleton
There is a faded altar of an unknown god here.
You cannot tell which god this altar belongs to.
Convert to them anyway?
Makhleb accepts your prayer! Makhleb welcomes you!
You can now gain health from killing.
You can now harness Makhleb's destructive might.
Unknown command.
Press < or > to pray at altars.
Are you sure you want to abandon this character and quit the game? (Confirm with "yes".)

Action                   |  1- 3 |  4- 6 || total
-------------------------+-------+-------++-------
Melee: Unarmed           |    79 |    29 ||   108
       Bite              |     9 |     3 ||    12
       Punch             |     3 |     1 ||     4
 Stab: Sleeping          |     6 |     3 ||     9
Armor: Robe              |     5 |       ||     5
Dodge: Dodged            |    53 |    17 ||    70

Levels and vault maps discovered:
D:1:      lemuel_arrival_room, layout_rooms, hangedman_decor_diamond_cutter
D:2:      layout_loops_cross, dreamdust_ecumenical_altar_hidden_monk_grotto,
          uniq_natasha, uniq_terence

Notes
Turn   | Place    | Note
-------+----------+-------------------------------------------
     0 | D:1      | sanka the Gnoll Monk began the quest for the Orb.
     0 | D:1      | Reached XP level 1. HP: 23/23 MP: 1/1
    43 | D:1      | Reached XP level 2. HP: 9/29 MP: 2/2
   913 | D:2      | Noticed Natasha
   928 | D:2      | Killed Natasha
   929 | D:2      | Reached skill level 1 in Invocations
   929 | D:2      | Reached XP level 3. HP: 11/35 MP: 2/4
  1191 | D:2      | Reached skill level 1 in Short Blades
  1191 | D:2      | Reached skill level 1 in Long Blades
  1191 | D:2      | Reached skill level 1 in Axes
  1191 | D:2      | Reached skill level 1 in Maces & Flails
  1191 | D:2      | Reached skill level 1 in Polearms
  1191 | D:2      | Reached skill level 1 in Staves
  1191 | D:2      | Reached skill level 1 in Slings
  1191 | D:2      | Reached skill level 1 in Bows
  1191 | D:2      | Reached skill level 1 in Crossbows
  1191 | D:2      | Reached skill level 1 in Throwing
  1191 | D:2      | Reached skill level 1 in Armour
  1191 | D:2      | Reached skill level 1 in Shields
  1191 | D:2      | Reached skill level 1 in Spellcasting
  1191 | D:2      | Reached skill level 1 in Evocations
  1242 | D:2      | Reached XP level 4. HP: 41/41 MP: 5/5
  1420 | D:2      | Noticed Terence
  1435 | D:2      | Killed Terence
  1436 | D:2      | Reached skill level 1 in Conjurations
  1436 | D:2      | Reached skill level 1 in Hexes
  1436 | D:2      | Reached skill level 1 in Summonings
  1436 | D:2      | Reached skill level 1 in Necromancy
  1436 | D:2      | Reached skill level 1 in Translocations
  1436 | D:2      | Reached skill level 1 in Transmutations
  1436 | D:2      | Reached skill level 1 in Fire Magic
  1436 | D:2      | Reached skill level 1 in Ice Magic
  1436 | D:2      | Reached skill level 1 in Air Magic
  1436 | D:2      | Reached skill level 1 in Earth Magic
  1436 | D:2      | Reached skill level 1 in Poison Magic
  1680 | D:2      | Found a faded altar of an unknown god.
  1687 | D:2      | Prayed at the altar of an unknown god.
  1687 | D:2      | Became a worshipper of Makhleb the Destroyer
  1687 | D:2      | Reached * piety under Makhleb
  1687 | D:2      | Reached ** piety under Makhleb
  1688 | D:2      | Quit the game

Vanquished Creatures
  Terence (D:2)
  Natasha (D:2)
  A worm (D:2)
  2 dart slugs
  3 endoplasms (D:1)
  A giant cockroach (D:1)
  4 hobgoblins
  3 jackals (D:2)
  5 kobolds (D:1)
  3 quokkas
  3 ball pythons
  3 bats (D:2)
  3 frilled lizards (D:1)
  2 goblins (D:2)
  2 rats
37 creatures vanquished.
